 Dungeon Crawl Stone Soup version 0.19.3-4-gbf9329e (webtiles) character file.

19165 lisu the Fighter (level 12, -6/118 HPs)
             Began as a Minotaur Fighter on Jan 29, 2017.
             Was a High Priest of Okawaru.
             Mangled by Sonja
             ... wielding a +1 short sword of distortion
              (9 damage)
             ... on level 2 of the Lair of Beasts on Jan 30, 2017.
             The game lasted 01:13:54 (10661 turns).

lisu the Fighter (Minotaur Fighter)                Turns: 10661, Time: 01:13:55

Health: -6/118     AC: 18    Str: 23    XL:     12   Next: 34%
Magic:  11/11      EV:  5    Int:  7    God:    Okawaru [*****.]
Gold:   325        SH:  9    Dex: 11    Spells: 0 memorised, 11 levels left

rFire  . . .     SeeInvis +     a - +1 trident (freeze)
rCold  . . .     Gourm    .     m - +3 chain mail {MR+}
rNeg   . . .     Faith    .     c - +0 shield
rPois  .         Spirit   .     (helmet restricted)
rElec  .         Reflect  .     O - +2 cloak {+Inv}
rCorr  .         Harm     .     A - +0 pair of gloves
MR     +....                    N - +0 pair of boots
Stlth  ..........               x - amulet of regeneration
                                (no ring)
                                i - ring of see invisible

@: very slightly contaminated, slowed, very slow
A: retaliatory headbutt, horns 2
a: Heroism, Finesse, Renounce Religion, Evoke Invisibility


You were on level 2 of the Lair of Beasts.
You worshipped Okawaru.
Okawaru was extremely pleased with you.
You were not hungry.

You visited 3 branches of the dungeon, and saw 13 of its levels.
You also visited: Bailey.

You collected 659 gold pieces.
You spent 334 gold pieces at shops.

Inventory:

Hand Weapons
 a - a +1 trident of freezing (weapon)
 b - a +1 hunting sling of freezing
Missiles
 p - 106 sling bullets
 r - 2 tomahawks (quivered)
 G - 47 tomahawks of returning
 T - 3 steel tomahawks
Armour
 c - a +0 shield (worn)
 m - a +3 chain mail of magic resistance (worn)
 A - a +0 pair of gloves (worn)
 N - a +0 pair of boots (worn)
 O - a +2 cloak of invisibility (worn)
Jewellery
 i - a ring of see invisible (left hand)
 o - an uncursed ring of ice
 x - an amulet of regeneration (around neck)
 L - an uncursed amulet of the gourmand {unknown}
Wands
 k - a wand of confusion (15/48)
 D - a wand of flame (32/48)
 K - a wand of iceblast (8/15)
 S - a wand of digging (9/24)
Scrolls
 e - a scroll of blinking
 h - a scroll of vulnerability {unknown}
 j - a scroll of magic mapping
 l - 3 scrolls of teleportation
 s - 6 scrolls of amnesia
 u - 7 scrolls of remove curse
 v - 4 scrolls of recharging
 F - a scroll of fear {unknown}
Potions
 d - 2 potions of might
 g - 2 potions of invisibility
 t - 2 potions of flight
 B - 2 potions of berserk rage {unknown}
 C - 2 potions of resistance
 E - 3 potions of haste
 H - a potion of experience {unknown}
 I - a potion of beneficial mutation {unknown}
 Q - a potion of cancellation {unknown}
Books
 q - a book of Minor Magic

   Spells                             Type                      Level
   a - Magic Dart                     Conjuration                  1
   b - Blink                          Translocation                2
   c - Call Imp                       Summoning                    2
   d - Repel Missiles                 Charms/Air                   2
   e - Slow                           Hexes                        2
   f - Conjure Flame                  Conjuration/Fire             3
   g - Mephitic Cloud                 Conjuration/Poison/Air       3
 w - a book of Misfortune

   Spells                             Type                      Level
   a - Confusing Touch                Hexes                        1
   b - Confuse                        Hexes                        3
   c - Gell's Gravitas                Hexes/Translocation          3
   d - Petrify                        Transmutation/Earth          4
   e - Metabolic Englaciation         Hexes/Ice                    5
   f - Yara's Violent Unravelling     Hexes/Transmutation          5
 y - the Handbook of Earth
   (You found it in a bailey)

   Spells                             Type                      Level
   a - Sandblast                      Earth                        1
   b - Passwall                       Transmutation/Earth          2
   c - Petrify                        Transmutation/Earth          4
   d - Bolt of Magma                  Conjuration/Fire/Earth       5
   e - Lee's Rapid Deconstruction     Earth                        5
 M - a book of Unlife

   Spells                             Type                      Level
   a - Recall                         Summoning/Translocation      3
   b - Animate Dead                   Necromancy                   4
   c - Control Undead                 Necromancy                   4
   d - Cigotuvi's Embrace             Necromancy                   5
   e - Death Channel                  Necromancy                   6
   f - Simulacrum                     Ice/Necromancy               6
 R - a book of Spatial Translocations

   Spells                             Type                      Level
   a - Blink                          Translocation                2
   b - Shroud of Golubria             Charms/Translocation         2
   c - Lesser Beckoning               Translocation                3
   d - Portal Projectile              Translocation                3
   e - Teleport Other                 Translocation                3
   f - Passage of Golubria            Translocation                4
Comestibles
 f - 4 bread rations
 n - 9 slices of pizza
 z - 2 beef jerkies
 P - a meat ration


   Skills:
 + Level 14.8 Fighting
 + Level 13.5 Polearms
 - Level 12.0 Slings
 + Level 0.6(7.1) Throwing
 - Level 4.2 Armour
 - Level 3.6 Shields


You had 11 spell levels left.
You didn't know any spells.

Dungeon Overview and Level Annotations

Branches:
Dungeon (10/15)            Temple (1/1) D:6            Lair (2/6) D:10
 Shoals (0/4) Lair:2          Orc (0/2) D:9
  Snake: Lair:2-4    Spider: Lair:2-4

Altars:
Ashenzari
Cheibriados
Dithmenos
Elyvilon
Fedhas
Gozag
Hepliaklqana
Kikubaaqudgha
Makhleb
Nemelex Xobeh
Okawaru
Qazlal
Ru
Sif Muna
Trog
Uskayaw
Vehumet
Xom
Yredelemnul
Zin
The Shining One

Shops:
D:7 *   D:8 *(

Annotations:
Lair:2 Sonja


Innate Abilities, Weirdness & Mutations

You reflexively headbutt those who attack you in melee.
You have a pair of horns on your head.


Message History

Press: ? - help, Dir - move target cursor
As you read the scroll of blinking, it crumbles to dust.
As you read the scroll of teleportation, it crumbles to dust.
You feel strangely unstable. What are your orders? t - Shout!
Orders for allies: a - Attack new target. r - Retreat! s - Stop attacking. g - Guard the area. f - Follow me.
Anything else - Cancel.
Okay, then.
Sonja hits you but does no damage. Space bends around you.
* * * LOW HITPOINT WARNING * * *
Sonja hits you but does no damage. Space warps horribly around you!
* * * LOW HITPOINT WARNING * * *
Sonja hits you but does no damage.
You feel strangely stable.
Sonja hits you with an uncursed short sword of distortion!
* * * LOW HITPOINT WARNING * * *
Sonja hits you but does no damage. Space warps horribly around you!
You die...

.#...#.# ##### .....#
# #.#####.##P ...♣.#.#
#.......... .......#
#.#.##.#### .#......#
##.####..# #.....###
P.. #.(## ..#+## ##
### ##.####.# ..#
..####.##.###...##..#
.#..
.......@K>......##P.##
#..
..#####PP..#..#......#
... ####
####......[...##
##.P###.##.###.#..#P#
..P####....K.....#
###..###
.................#
#...#
.#.#..####.#.##P#...##
#..## .#.#.#
##..######.#.####..#
.#.#.## #..##
#..#...##.##


You could see Sonja.

Vanquished Creatures
  An orc warlord (Bailey)
  A hydra (Lair:1)
  An unseen horror (D:10)
  3 hill giants
  Joseph (Lair:1)
  A black mamba (Lair:1)
  2 spiny frogs (Lair:1)
  3 komodo dragons
  4 rime drakes
  Prince Ribbit (D:6)
  3 trolls
  3 blink frogs (Lair:1)
  4 hippogriffs
  14 yaks
  A wyvern (D:9)
  4 hogs (D:8)
  A human (D:8)
  A hungry ghost (D:9)
  3 porcupines (Lair:1)
  Duvessa (D:4)
  2 water moccasins (Lair:1)
  10 orc warriors
  17 ice beasts
  2 black bears (D:8)
  2 phantoms
  5 wolves (Lair:1)
  A centaur (D:5)
  An ogre (D:4)
  6 crocodiles
  A big kobold (D:9)
  The ghost of Apogee the Conjurer, an amateur DECj (D:3)
  Blork the orc (D:6)
  7 bullfrogs
  Dowan (D:4)
  A scorpion (D:10)
  2 water moccasin skeletons
  9 killer bees
  4 wights (D:9)
  A howler monkey (D:8)
  4 crimson imps
  A jelly (D:6)
  5 hounds
  5 orc priests (D:4)
  6 orc wizards
  A bullfrog skeleton (D:6)
  2 centaur skeletons
  A bullfrog zombie (D:10)
  Terence (D:2)
  8 worker ants
  A hound zombie (D:9)
  A hound skeleton (D:5)
  Robin (D:4)
  8 gnolls
  7 adders
  A river rat (D:10)
  2 shadow imps
  An ooze (D:3)
  An adder zombie (D:7)
  3 adder skeletons
  4 worms
  3 dart slugs (D:2)
  8 leopard geckos
  42 orcs
  14 bats
  6 giant cockroaches
  24 goblins
  6 hobgoblins
  10 jackals
  28 kobolds
  3 quokkas
  A ball python (D:1)
  5 frilled lizards
  A jackal skeleton (D:4)
  17 rats
  A fungus (D:10)
360 creatures vanquished.

Vanquished Creatures (others)
  A goblin (D:2)
  A jackal (D:8)
  A quokka (D:8)
  A bat (D:2)
  A quokka zombie (D:8)
  A fungus (Lair:1)
  A plant (D:10)
7 creatures vanquished.

Grand Total: 367 creatures vanquished

Notes
Turn   | Place    | Note
-------+----------+-------------------------------------------
     0 | D:1      | lisu the Minotaur Fighter began the quest for the Orb.
     0 | D:1      | Reached XP level 1. HP: 19/19 MP: 0/0
    71 | D:1      | Reached skill level 4 in Fighting
    83 | D:1      | Reached XP level 2. HP: 27/27 MP: 1/1
   712 | D:2      | Found a radiant altar of Vehumet.
   712 | D:2      | Noticed Terence
   727 | D:2      | Killed Terence
   727 | D:2      | Reached XP level 3. HP: 34/34 MP: 2/2
  1045 | D:2      | Reached skill level 5 in Fighting
  1096 | D:2      | Reached XP level 4. HP: 42/42 MP: 3/3
  1589 | D:3      | Noticed Apogee's ghost (amateur DECj)
  1868 | D:3      | Found a blossoming altar of Fedhas.
  2230 | D:3      | Killed Apogee's ghost
  2230 | D:3      | Reached skill level 1 in Slings
  2230 | D:3      | Reached XP level 5. HP: 50/50 MP: 4/4
  2412 | D:3      | Reached skill level 6 in Fighting
  2608 | D:4      | Noticed Robin
  2615 | D:4      | Reached XP level 6. HP: 58/58 MP: 5/5
  2640 | D:4      | Killed Robin
  2891 | D:4      | Reached skill level 7 in Fighting
  2990 | D:4      | Reached XP level 7. HP: 31/66 MP: 6/6
  3200 | D:4      | Reached skill level 5 in Polearms
  3222 | D:4      | Noticed Duvessa
  3222 | D:4      | Noticed Dowan
  3235 | D:4      | Killed Duvessa
  3235 | D:4      | Reached skill level 8 in Fighting
  3254 | D:4      | Killed Dowan
  3568 | D:5      | Entered Level 5 of the Dungeon
  3737 | D:5      | Reached skill level 9 in Fighting
  3737 | D:5      | Reached XP level 8. HP: 78/78 MP: 7/7
  4297 | D:6      | Noticed Prince Ribbit
  4320 | D:6      | Killed Prince Ribbit
  4320 | D:6      | Reached skill level 10 in Fighting
  4320 | D:6      | Reached skill level 5 in Slings
  4389 | D:6      | Found a staircase to the Ecumenical Temple.
  4399 | Temple   | Entered the Ecumenical Temple
  4437 | Temple   | Became a worshipper of Warmaster Okawaru
  4706 | D:6      | Noticed Blork the orc
  4716 | D:6      | Killed Blork the orc
  4727 | D:6      | Found a bloodstained altar of Trog.
  4863 | D:6      | Found an ancient bone altar of Kikubaaqudgha.
  5407 | D:6      | Reached XP level 9. HP: 62/86 MP: 8/8
  5595 | D:7      | Reached * piety under Okawaru
  5903 | D:7      | Found Ifaihy's Assorted Antiques.
  5914 | D:7      | Bought a fuming black potion for 24 gold pieces
  5914 | D:7      | Bought a scroll labeled AQODIC OXZUABU for 27 gold pieces
  5914 | D:7      | Bought a runed chain mail for 283 gold pieces
  6115 | D:8      | Found Vit Kinn's Demolitions Depot.
  6234 | D:8      | Found a shadowy altar of Dithmenos.
  6302 | D:8      | Reached skill level 11 in Fighting
  6698 | D:8      | Found Leriumu's Antique Weapon Emporium.
  6841 | D:8      | Reached ** piety under Okawaru
  6885 | D:9      | Noticed a troll
  6890 | D:9      | Killed a troll
  6890 | D:9      | Reached XP level 10. HP: 75/97 MP: 9/9
  6933 | D:9      | Reached skill level 12 in Fighting
  7049 | D:9      | Reached skill level 10 in Polearms
  7104 | D:9      | Found a deep blue altar of Sif Muna.
  7164 | D:9      | Reached *** piety under Okawaru
  7188 | D:9      | Found a flagged portal.
  7203 | Bailey   | Entered a bailey
  7208 | Bailey   | Noticed an orc warlord
  7297 | Bailey   | Found a runed gate.
  7299 | Bailey   | Found a runed gate.
  7300 | Bailey   | Found a runed gate.
  7497 | Bailey   | Killed an orc warlord
  7518 | Bailey   | Identified the Handbook of Earth
  7634 | D:9      | Reached skill level 13 in Fighting
  7646 | D:9      | Reached **** piety under Okawaru
  7787 | D:9      | Found a staircase to the Orcish Mines.
  7971 | D:9      | Reached XP level 11. HP: 99/107 MP: 10/10
  8216 | D:9      | Noticed a hill giant
  8224 | D:9      | Killed a hill giant
  8224 | D:9      | Reached skill level 10 in Slings
  8301 | D:10     | Entered Level 10 of the Dungeon
  8301 | D:10     | Found a stormy altar of Qazlal.
  8339 | D:10     | Noticed a hill giant
  8356 | D:10     | Killed a hill giant
  8550 | D:10     | Noticed an unseen horror
  8559 | D:10     | Killed an unseen horror
  8559 | D:10     | Reached ***** piety under Okawaru
  8559 | D:10     | Received a gift from Okawaru
  8583 | D:10     | Noticed a hill giant
  8590 | D:10     | Killed a hill giant
  8610 | D:10     | Received a gift from Okawaru
  8847 | D:10     | Found a staircase to the Lair.
  8969 | Lair:1   | Entered Level 1 of the Lair of Beasts
  9111 | Lair:1   | Noticed a five-headed hydra
  9128 | Lair:1   | Killed a five-headed hydra
  9128 | Lair:1   | Received a gift from Okawaru
  9128 | Lair:1   | Reached skill level 14 in Fighting
  9662 | Lair:1   | Reached XP level 12. HP: 106/118 MP: 11/11
 10027 | Lair:1   | Noticed Joseph
 10045 | Lair:1   | Killed Joseph
 10598 | Lair:2   | Found a staircase to the Shoals.
 10625 | Lair:2   | Noticed Sonja
 10661 | Lair:2   | HP: 3/118 [Sonja/uncursed short sword of distortion (11)]
 10661 | Lair:2   | Mangled by Sonja

Skill      XL: |  1  2  3  4  5  6  7  8  9 10 11 12 |
---------------+-------------------------------------+-----
Fighting       | 4 5 6 7 9 10 11 13 14 | 14.8
Polearms       | 3 4 5 7 9 11 13 | 13.5
Armour         | 4 |  4.2
Slings         | 1 2 3 4 5 7 9 11 12 | 12.0
Throwing       | |  0.6
Shields        | |  3.6

Action                   |  1- 3 |  4- 6 |  7- 9 | 10-12 || total
-------------------------+-------+-------+-------+-------++-------
Melee: Trident           |   104 |   149 |   263 |   572 ||  1088
       Headbutt          |     9 |    19 |    37 |   111 ||   176
 Fire: Hunting sling     |       |    25 |    80 |   237 ||   342
Throw: Tomahawk          |       |    27 |    47 |    42 ||   116
Invok: Heroism           |       |       |       |     2 ||     2
  Use: Scroll            |     3 |     1 |    11 |    10 ||    25
       Potion            |       |     1 |     4 |     5 ||    10
  Eat: Meat ration       |       |     1 |       |     1 ||     2
       Chunk             |       |     1 |       |     2 ||     3
       Bread ration      |       |       |     3 |     2 ||     5
       Pizza             |       |       |       |     3 ||     3
       Beef jerky        |       |       |       |     1 ||     1
Armor: Scale mail        |    16 |    40 |    70 |       ||   126
       Chain mail        |       |       |    29 |   205 ||   234
Dodge: Dodged            |    16 |    25 |    67 |    63 ||   171
Block: Shield            |    46 |    64 |   117 |   167 ||   394
